cohdb
Replays
Latest Replays
All Replays
Popular Replays
Top Player Replays
Match Explorer
How It Works
Community
CoH3 Stats
Reddit
Sign in to upload your games and track your stats! →
Sign in with Steam
Match 38033148
Unlisted
Match 38033148
Overview
Messages
Build Orders
End
Construct Section Command Post
Royal Engineer Section
Infantry Section
Infantry Section
Infantry Section
ML 3-inch Mortar Team
Construct Platoon Command Post
Infantry Section
Humber Armored Car
STALKER4732
ezh
kit.ohume
Kwarzym
Clumsy
AfroNinja
0
0
Comments
sign in to comment!
No comments posted yet!